 Dungeon Crawl Stone Soup version 0.29-a0-512-gf59ac788ac (webtiles) character file.

Game seed: 14116666163348264998

5 happo123 the Vexing (level 1, -2/7 HPs)
             Began as a Felid Enchanter on May 29, 2022.
             Frozen to death by an endoplasm (5 damage)
             ... on level 1 of the Dungeon.
             The game lasted 00:02:22 (624 turns).

happo123 the Vexing (Felid Enchanter)                Turns: 624, Time: 00:02:23

Health: -2/7       AC:  1    Str:  4    XL:     1   Next: 66%
Magic:  4/4        EV: 17    Int: 16    God:
Gold:   0          SH:  0    Dex: 16    Spells: 4/4 levels left
                                        Lives:  0   Deaths: 0

rFire   . . .      SeeInvis +     - Unarmed
rCold   . . .      Faith    .   (shield unavailable)
rNeg    . . .      Spirit   .   (body armour unavailable)
rPois   .          Reflect  .   (helmet unavailable)
rElec   .          Harm     .   (cloak unavailable)
rCorr   .          Rampage  .   (gloves unavailable)
Will    .....                   (boots unavailable)
Stlth   +++.......              (no amulet)
HPRegen 0.02/turn               (no ring)
MPRegen 0.09/turn               (no ring)

@: quick
A: very small, claws 1, fangs 3, see invisible, speed 1, shaggy fur 1, stealthy
paws, no weapons or thrown items, no armour, multi-lived
a: no special abilities


You were on level 1 of the Dungeon.
You visited 1 branch of the dungeon, and saw 1 of its levels.

Inventory:

Scrolls
 b - a scroll of identify {unknown}
Potions
 a - 2 potions of invisibility


   Skills:
 + Level 0.1 Fighting
 + Level 2.7 Dodging
 + Level 4.0 Stealth
 + Level 1.2 Unarmed Combat
 + Level 2.0 Spellcasting
 * Level 4.6 Hexes


You had 4 spell levels left.
You didn't know any spells.
Your spell library contained the following spells:

 Spells                   Type           Power      Damage    Failure   Level
 Confusing Touch          Hex            16%        N/A       10%         3
 Tukima's Dance           Hex            16%        N/A       10%         3
 Ensorcelled Hibernation  Hex/Ice        18%        N/A       12%         2
 Dazzling Flash           Conj/Hex       18%        N/A       24%         3


Dungeon Overview and Level Annotations

Branches:
Dungeon (1/15)

Altars:


Innate Abilities, Weirdness & Mutations

You have sharp claws.
You have razor-sharp teeth.
You have supernaturally acute eyesight. (SInv)
You cover ground quickly. (Speed+)
You are covered in fur. (AC +1)
Your paws help you pounce on unaware monsters.
You are incapable of wielding weapons or throwing items.
You cannot wear armour.
You gain extra lives every three experience levels.


Message History

A hobgoblin and a frilled lizard come into view.
The bat closely misses you.
You miss the bat. The bat hits you. The bat barely misses you.
The bat attacks as you move away! The bat hits you. x2
The bat barely misses you. x2
The bat attacks as you move away! The bat hits you. The bat closely misses you.
You barely miss the bat. The bat hits you but does no damage.
The bat closely misses you.
You miss the bat. The bat barely misses you. The bat closely misses you.
You barely miss the bat. You bite the bat.
The bat is severely wounded.
The bat completely misses you. The bat hits you but does no damage.
You closely miss the bat. Your bite misses the bat.
The bat is severely wounded.
The bat barely misses you. The bat hits you but does no damage.
You scratch the bat.
You kill the bat!
You start resting.
HP restored.
A ball python and an endoplasm come into view.
The ball python hisses angrily.
The endoplasm quivers.
The ball python misses you. x2
You barely miss the ball python. Your bite misses the ball python.
The ball python bites you. The ball python misses you. x3
You closely miss the ball python. The ball python barely misses you.
The ball python grabs you. The ball python constricts you.
You closely miss the ball python. The ball python barely misses you.
The ball python constricts you.
You scratch the ball python.
You kill the ball python!
You scratch the endoplasm but do no damage.
You claw the endoplasm.
The endoplasm is heavily wounded.
The endoplasm freezes you.
You are frozen.
Ouch! That really hurt!
You die...

. .. ... .... ..... .
......##### # ..
......J@..#### l##.#g
#...#####....###......
# #...........# .
#.........# .#
#.#.####..# .#
#.#####.#.####..##.#
#......†#.........##
####.######.##..##.#..
#####.## #.##........


You could see an endoplasm.

Vanquished Creatures
  A giant cockroach (D:1)
  A goblin (D:1)
  A ball python (D:1)
  A bat (D:1)
  2 frilled lizards (D:1)
6 creatures vanquished.

Notes
Turn   | Place    | Note
-------+----------+-------------------------------------------
     0 | D:1      | happo123 the Felid Enchanter began the quest for the Orb.
     0 | D:1      | Reached XP level 1. HP: 7/7 MP: 4/4
   624 | D:1      | Frozen to death by an endoplasm

Illustrated notes

Levels and vault maps discovered:
D:1:      minmay_arrival_up_and_down, layout_loops_ring,
          hellmonk_ecumenical_altar_defaced_shrine, minmay_misc_feat_cross,
          kennysheep_pointless_box

Action                   || total
-------------------------++-------
Melee: Unarmed           ||    32
       Bite              ||     6
       Punch             ||     1
Armor: Skin              ||     7
Dodge: Dodged            ||    38

Table legend: (Time is in decaauts)
 A = Elapsed time spent in this place.
 B = Non-inter-level travel time spent in this place.
 C = Inter-level travel time spent in this place.
 D = Time resting spent in this place.
 E = Time spent auto-exploring this place.
 F = Levels seen in this place.
 G = Mean time per level.
                   A        B        C        D        E       F      G
               +--------+--------+--------+--------+--------+-----+--------+
         Total |    610 |    607 |      3 |    445 |     96 |   1 |  610.0 |
       Dungeon |    610 |    607 |      3 |    445 |     96 |   1 |  610.0 |
               +--------+--------+--------+--------+--------+-----+--------+

Top non-repeatable levels by time:
     D:1: 610 daAuts
